 Dungeon Crawl Stone Soup version 0.30-a0-1075-gcd70e7a56d (webtiles) character file.

Game seed: 305266852057128473

240365 Zeldest the Fighter (level 20, -11/155 (159) HPs)
             Began as a Human Artificer on Apr 14, 2023.
             Was a Favourite Plaything of Xom.
             Mangled by a pharaoh ant (38 damage)
             ... on level 2 of the Lair of Beasts.
             The game lasted 02:27:51 (38851 turns).

Zeldest the Fighter (Human Artificer)              Turns: 38851, Time: 02:27:51

HP:   -11/155 (159) AC: 19    Str: 17    XL:     20   Next: 58%
MP:   24/27         EV: 16    Int: 14    God:    Xom [..*...]
Gold: 2708          SH: 14    Dex: 22    Spells: 12/29 levels left

rFire   + + +      SeeInvis +    a - +8 demon blade "Leech" {evervamp, Harm Drain rN+}
rCold   + + .      Faith    .    Y - +0 kite shield {reflect}
rNeg    + + .      Spirit   .    L - +0 troll leather armour
rPois   +          Reflect  +    (helmet restricted)
rElec   .          Rampage  .    H - +1 cloak
rCorr   .          Harm     + .  I - +1 pair of gloves
Will    +++..                    l - +0 pair of boots of Mooxaxin {rF+ rN+ Will+}
Stlth   +++                      E - amulet "Jemecokk" {Acrobat rF+ Int+2}
HPRegen 1.25/turn                f - +4 ring of protection
MPRegen 0.20/turn                W - ring of see invisible

@: studying Evocations, lightly drained
A: claws 1, hooves 1, horns 1, iridescent scales 2, large bone plates 1,
camouflage 1, agile 2, cold resistance 2, deterioration 1, fire resistance 1,
strong-willed 1, mutation resistance 1, poison resistance, MP-powered wands
}: 1/15 runes: barnacled
a: Renounce Religion


You were on level 2 of the Lair of Beasts.
You worshipped Xom.
You were a toy of Xom.
You visited 8 branches of the dungeon, and saw 33 of its levels.

You collected 3666 gold pieces.
You spent 958 gold pieces at shops.

Inventory:

Hand Weapons
 a - the +8 demon blade "Leech" (weapon) {evervamp, Harm Drain rN+}
   (You found it on level 1 of the Elven Halls)

   rN:        It protects you from negative energy.
   Drain:     It drains your maximum health when unequipped.
   Harm:      It increases damage dealt and taken.
 b - the +6 shillelagh "Devastator" {shatter}
   (You found it on level 3 of the Dungeon)
 w - a +4 demon whip of draining
Missiles
 m - 7 throwing nets
 n - 10 silver javelins
 q - 38 boomerangs
 u - 6 curare-tipped darts (quivered)
 K - 4 javelins
 O - 16 boomerangs of dispersal
Armour
 c - a +2 buckler of protection
 l - the +0 pair of boots of Mooxaxin (worn) {rF+ rN+ Will+}
   (You bought it in a shop on level 1 of the Orcish Mines)

   rF:        It protects you from fire.
   rN:        It protects you from negative energy.
   Will:      It increases your willpower.
 H - a +1 cloak (worn)
 I - a +1 pair of gloves (worn)
 L - a +0 troll leather armour (worn)
 U - a +2 helmet
 Y - a +0 kite shield of reflection (worn)
Jewellery
 f - a +4 ring of protection (left hand)
 x - a ring of poison resistance
 E - the amulet "Jemecokk" (around neck) {Acrobat rF+ Int+2}
   (Xom gifted it to you on level 4 of the Shoals)

   [amulet of the acrobat]

   It increases your evasion while moving and waiting.
   Int:       It affects your intelligence (+2).
   rF:        It protects you from fire.
 W - a ring of see invisible (right hand)
Wands
 d - a wand of charming (4)
 y - a wand of paralysis (6)
 B - a wand of digging (4)
 R - a wand of roots (19)
 S - a wand of quicksilver (29)
Scrolls
 h - a scroll of butterflies
 k - 8 scrolls of teleportation
 o - 2 scrolls of fog
 v - a scroll of silence
 A - 7 scrolls of magic mapping
 F - a scroll of poison
 P - 4 scrolls of enchant armour
 V - a scroll of blinking
Potions
 g - 4 potions of resistance
 i - a potion of mutation
 j - 2 potions of flight
 p - a potion of invisibility
 r - a potion of ambrosia
 s - 3 potions of attraction
 t - a potion of might
 z - 2 potions of lignification
 C - 4 potions of brilliance
 D - 2 potions of magic
 J - 10 potions of curing
 M - 2 potions of cancellation
 X - 2 potions of haste
Miscellaneous
 e - a lightning rod (4/4)
 G - a phial of floods
 Q - a phantom mirror
 T - a piece from Xom's chessboard (15/15)
 Z - a tin of tremorstones (2/2)


   Skills:
 + Level 14.3 Fighting
 - Level 14.0 Long Blades
 - Level 7.4(10.6) Axes
 - Level 12.0(12.8) Maces & Flails
 - Level 9.6 Throwing
 - Level 8.9 Armour
 - Level 8.1 Dodging
 - Level 1.0 Stealth
 * Level 3.8 Shields
 - Level 5.0 Spellcasting
 - Level 5.0 Hexes
 - Level 8.0 Summonings
 - Level 10.0 Transmutations
 - Level 9.1 Earth Magic
 - Level 10.0 Poison Magic
 - Level 10.6 Evocations


You had 12 spell levels left.
You knew the following spells:

 Your Spells              Type           Power      Damage    Failure   Level
a - Olgreb's Toxic Radia  Pois           31%        N/A       10%         4
b - Leda's Liquefaction   Hex/Erth       11%        N/A       34%         4
c - Alistair's Intoxicat  Tmut/Pois      20%        N/A       28%         5
d - Animate Armour        Summ/Erth      54%        N/A       19%         4

Your spell library contained the following spells:

 Spells                   Type           Power      Damage    Failure   Level
 Sandblast                Erth           58%        2d13      1%          1
 Sting                    Tmut/Pois      100%       1d8       1%          1
 Passwall                 Tmut/Erth      25%        N/A       1%          2
 Summon Small Mammal      Summ           100%       N/A       2%          1
 Call Canine Familiar     Summ           26%        N/A       7%          3
 Poisonous Vapours        Pois/Air       34%        N/A       12%         2
 Summon Guardian Golem    Hex/Summ       21%        N/A       13%         3
 Tukima's Dance           Hex            17%        N/A       24%         3
 Stone Arrow              Conj/Erth      32%        3d9       28%         3
 Lee's Rapid Deconstruct  Erth           14%        3d9*      38%         5
 Apportation              Tloc           6%         N/A       52%         1
 Foxfire                  Conj/Fire      12%        2x1d4     52%         1
 Magic Dart               Conj           12%        1d3       52%         1
 Inner Flame              Hex/Fire       10%        N/A       54%         3
 Cause Fear               Hex            8%         N/A       61%         4
 Yara's Violent Unravell  Hex/Tmut       12%        3d7       61%         5
 Scorch                   Fire           6%         2d5       67%         2
 Searing Ray              Conj           6%         2d4       67%         2
 Summon Mana Viper        Hex/Summ       21%        N/A       75%         5
 Statue Form              Tmut/Erth      20%        N/A       88%         6
 Anguish                  Hex/Necr       5%         N/A       91%         4
 Fulminant Prism          Conj/Hex       5%         3d7       91%         4
 Summon Forest            Summ/Tloc      7%         N/A       97%         5
 Summon Cactus Giant      Summ           13%        N/A       98%         6
 Flame Wave               Conj/Fire      3%         2d5       99%         4
 Passage of Golubria      Tloc           3%         N/A       99%         4
 Sticky Flame             Conj/Fire      3%         2d3       99%         4
 Fireball                 Conj/Fire      1%         3d3       100%        5
 Plasma Beam              Fire/Air       1%         2x1d12    100%        6
 Starburst                Conj/Fire      1%         6d3       100%        6
 Enfeeble                 Hex            8%         N/A       100%        7
 Lehudib's Crystal Spear  Conj/Erth      8%         10d3      100%        8


Dungeon Overview and Level Annotations

Branches:
Dungeon (15/15) Zot: 25617  Temple (1/1) D:7 Zot: 5810    Lair (5/5) D:10 Zot: 24353
 Shoals (4/4) Lair:3 Zot: 17286  Spider (1/4) Lair:2 Zot: 5987     Orc (2/2) D:12 Zot: 9352
    Elf (1/3) Orc:2 Zot: 4420  Vaults (4/5) D:13 Zot: 18388   Crypt (0/3) Vaults:2
 Depths (0/4) D:15
  Slime: Lair:4-5

Altars:
Ashenzari
Cheibriados
Dithmenos
Elyvilon
Fedhas
Gozag
Hepliaklqana
Kikubaaqudgha
Makhleb
Nemelex Xobeh
Okawaru
Qazlal
Ru
Sif Muna
Trog
Uskayaw
Vehumet
Wu Jian
Xom
Yredelemnul
Zin
The Shining One
Jiyva
Lugonu

Shops:
D:9 =   D:12 *   Orc:1 [:   Orc:2 *?=(   Elf:1 ==:(   Vaults:3 (

Portals:
Abyss: D:8 Lair:5
Pandemonium: Orc:2
Trove: D:14 (show abyssal rune of Zot)

Annotations:
D:6 3 runed translucent doors, Loveship's ghost, novice DsTm
D:8 2 transporters, Denapoli's ghost, novice FoFi
D:12 3 runed translucent doors, SirDiesAlot's ghost, journeyman DsBr; cheesebisquit's ghost, journeyman GrVM
Lair:4 1 runed translucent door
Shoals:1 3 runed translucent doors, Cahom's ghost, adept MiBe; Mil Mal Serr's ghost, adept MiFi
Shoals:2 3 runed translucent doors, ShnitzelX3's ghost, journeyman FeNe
Shoals:4 1 exclusion
Vaults:1 exclusion: 2 doors


Innate Abilities, Weirdness & Mutations

You have sharp fingernails.
You have large cloven feet.
You have a pair of small horns on your head.
You are mostly covered in iridescent scales. (AC +4)
You are partially covered in large bone plates. (SH +4)
Your skin changes colour to match your surroundings (Stealth+).
You are very agile. (Dex +8, Str/Int -2)
Your flesh is very cold resistant. (rC++)
Your body sometimes deteriorates upon taking damage.
Your flesh is heat resistant. (rF+)
You are strong-willed. (Will+)
You are somewhat resistant to further mutation.
Your system is resistant to poisons. (rPois)
You expend magic power (3 MP) to strengthen your wands.


Message History

The jumping spider leaps!
The pharaoh ant closely misses you.
You hear a faint skittering sound.
You slash the wolf spider!
You feel better.
You headbutt the wolf spider!
The wolf spider is severely wounded.
You kill the tarantella! x2
The redback misses you.
The pharaoh ant bites you but does no damage.
The wolf spider barely misses you. The wolf spider bites you.
The jumping spider leaps!
The pharaoh ant completely misses you. You block the culicivora's attack.
You slice the redback!!
You feel better.
You kill the redback!
The wolf spider closely misses you. You block the wolf spider's attack.
The pharaoh ant bites you!! The pharaoh ant barely misses you.
The jumping spider leaps!
The redback is healed somewhat.
A pharaoh ant comes into view.
A boulder beetle comes into view.
The jumping spider's many legs skitter faintly.
The pharaoh ant gives a chilling moan.
You hear a faint skittering sound.
The jumping spider looks more healthy.
You kill the wolf spider!
The jumping spider leaps!
The redback is healed somewhat.
You block the pharaoh ant's attack. The pharaoh ant barely misses you.
The redback bites you but does no damage.
You block the culicivora's attack. You block the pharaoh ant's attack.
The pharaoh ant barely misses you.
The jumping spider leaps!
You climb upwards.
Welcome back to the Lair of Beasts!
There is a hole to the Spider Nest here.
You slice the culicivora!!
You feel better.
You kill the culicivora!
You block the pharaoh ant's attack. The pharaoh ant bites you!!
* * * LOW HITPOINT WARNING * * *
You barely miss the pharaoh ant. You headbutt the pharaoh ant!
The pharaoh ant is moderately damaged.
The pharaoh ant bites you!
* * * LOW HITPOINT WARNING * * *
You partially resist.
You feel drained.
* * * LOW HITPOINT WARNING * * *
The pharaoh ant bites you!!
You die...
Xom howls with laughter!

.................................
..P..............................
.................................
......รท..P....^..................
#.......###.^....^......###......
#........#..^.^.^........##......
................^.^..^....##.....
.....#.....^...B....^.>..........
.........##.....@B^^.^...........
..P.........^.^^.^.^.^...........
...P........^.^.^^...^......)....
..##...........^^^^.^...........#
...#........^^^^..^.^............
#.............^...^............#.
#.............^................##
..........^.....................#
.................................


You could see 2 pharaoh ants.

Vanquished Creatures
  Jorgrun (Orc:2)
  2 sphinxes (Vaults:3)
  A storm dragon (Shoals:4)
  Kirke (Elf:1)
  A tengu reaver (Vaults:1)
  Donald (Elf:1)
  2 vault wardens
  Aizul (Vaults:3)
  Louise (Shoals:1)
  2 orc warlords (Vaults:3)
  9 ironbound preservers
  2 very ugly things (Vaults:1)
  3 ironbound thunderhulks
  Nessos (D:15)
  A vampire knight (Vaults:2)
  A deep elf annihilator (Vaults:1)
  An eleionoma (shapeshifter) (Vaults:1)
  Azrael (Elf:1)
  8 merfolk impalers
  2 entropy weavers
  3 merfolk javelineers
  An ettin (Vaults:1)
  7 yaktaur captains
  2 vault guards
  3 great orbs of eyes
  7 hydras
  A demonspawn (Orc:2)
  A rakshasa (D:13)
  8 ironbound frosthearts
  6 merfolk avatars
  6 merfolk aquamancers
  An ogre mage (D:15)
  10 two-headed ogres
  4 dancing weapons (Elf:1)
  12 centaur warriors
  3 satyrs
  3 boulder beetles
  An alligator snapping turtle (Shoals:2)
  2 tengu warriors
  7 orc high priests
  5 death yaks (Lair:1)
  3 thrashing horrors (Lair:5)
  7 deep elf knights
  Amaemon (D:11)
  7 skeletal warriors
  Sonja (D:11)
  7 skysharks
  20 deep trolls
  7 sea snakes
  A swamp dragon (shapeshifter) (Vaults:2)
  13 ironbound convokers
  6 orc knights
  4 deep elf archers (Elf:1)
  A wizard (Vaults:3)
  Pikel (D:5)
  10 deep elf zephyrmancers
  14 harpies
  A human zombie (Vaults:1)
  3 necromancers
  13 deep elf pyromancers
  A mana viper (Lair:5)
  11 lindwurms
  7 fauns
  A sphinx zombie (Vaults:1)
  A wolf spider (Spider:1)
  20 manticores
  4 cyclopes
  2 large abominations (Lair:5)
  21 ugly things
  10 orc sorcerers
  3 vault sentinels
  A black mamba (Lair:2)
  4 merfolk sirens
  A naga mage (D:15)
  Joseph (D:7)
  7 elephants
  An eye of devastation (Shoals:2)
  A fire giant skeleton (Vaults:1)
  A gargoyle (D:11)
  2 centaur zombies (D:15)
  A smoke demon (Lair:5)
  A centaur skeleton (D:15)
  5 water nymphs
  3 orange demons
  4 rime drakes
  2 efreet
  11 cane toads
  4 komodo dragons
  22 yaktaurs
  An ice devil (Orc:2)
  3 meliai (D:14)
  A polar bear (Lair:5)
  3 ancient zymes (Lair:5)
  8 trolls
  38 merfolk
  A meliai (shapeshifter) (D:13)
  Prince Ribbit (D:5)
  3 tarantellas (Spider:1)
  23 blink frogs
  8 hornets
  15 dream sheep
  4 wind drakes
  5 snapping turtles
  43 slime creatures
  4 air elementals
  3 culicivoras
  2 jumping spiders (Lair:2)
  2 spriggans (Lair:5)
  15 water elementals
  6 wyverns
  A yak (shapeshifter) (Shoals:4)
  5 ynoxinuls (Lair:5)
  53 yaks
  2 shadows
  6 vampires
  Eustachio (D:4)
  5 basilisks
  3 fire elementals (Elf:1)
  An ettin skeleton (Vaults:1)
  5 hogs (Elf:1)
  4 vampire mosquitoes
  8 small abominations (Lair:5)
  A chaos spawn (Lair:5)
  2 steam dragons
  4 redbacks
  7 wargs
  Edmund (D:5)
  2 hell hounds (Lair:1)
  6 water moccasins
  An acid dragon (D:14)
  36 orc warriors
  4 sky beasts
  4 ice beasts
  2 black bears
  9 wolves
  10 ogres
  10 centaurs
  2 phantoms
  2 lemures (D:5)
  3 kobold brigands (D:9)
  8 bullfrogs
  3 gnoll sergeants
  2 scorpions
  An earth elemental (Elf:1)
  47 killer bees
  2 electric eels
  A howler monkey (D:7)
  4 hounds
  2 jellies
  24 orc priests
  3 gnoll boudas
  2 sleepcaps (D:6)
  3 iguanas (D:6)
  Natasha (thrice) (D:4)
  8 orc wizards
  5 hell rats (Lair:1)
  A boggart simulacrum (D:15)
  23 gnolls
  11 adders
  3 shadow imps
  A white imp (D:6)
  An ufetubus (D:5)
  A worm (D:2)
  3 dart slugs
  82 orcs
  5 ball pythons
  8 bats
  An endoplasm (D:2)
  2 giant cockroaches
  7 goblins
  4 hobgoblins
  4 jackals (D:5)
  2 quokkas
  3 frilled lizards
  19 kobolds
  4 rats
1100 creatures vanquished.

Vanquished Creatures (collateral kills)
  Mlioglotl (Shoals:1)
  2 sea snakes
  2 deep elf pyromancers
  A deep elf zephyrmancer (Elf:1)
  A manticore (Shoals:1)
  3 fauns
  A merfolk siren (Shoals:1)
  A cane toad (Lair:2)
  A slime creature (Vaults:3)
  A black mamba (Lair:2)
  A rime drake (Lair:2)
  A yaktaur (D:13)
  4 merfolk
  6 blink frogs
  2 yaks
  An orc (Orc:2)
29 creatures vanquished.

Vanquished Creatures (others)
  A merfolk javelineer (Shoals:4)
  A dancing weapon (D:15)
  A merfolk aquamancer (Shoals:4)
  A deep elf pyromancer (Elf:1)
  An elephant (Lair:5)
  A komodo dragon (Lair:1)
  A blink frog (Lair:4)
  A water elemental (Shoals:3)
  A water moccasin (Lair:4)
  2 gnolls
  2 orcs
  A kobold (D:9)
  22 fungi
  113 plants
149 creatures vanquished.

Grand Total: 1278 creatures vanquished

Notes
Turn   | Place    | Note
-------+----------+-------------------------------------------
     0 | D:1      | Zeldest the Human Artificer began the quest for the Orb.
     0 | D:1      | Reached XP level 1. HP: 15/15 MP: 1/1
   238 | D:1      | Reached XP level 2. HP: 14/21 MP: 2/2
   540 | D:1      | Found a faded altar of an unknown god.
  1190 | D:3      | Reached XP level 3. HP: 26/26 MP: 3/3
  1203 | D:3      | Found the +6 shillelagh "Devastator" {shatter}
  1236 | D:3      | Reached XP level 4. HP: 26/32 MP: 4/4
  1251 | D:3      | Reached skill level 1 in Maces & Flails
  1317 | D:3      | Reached XP level 5. HP: 37/37 MP: 5/5
  1319 | D:3      | Reached skill level 5 in Evocations
  1759 | D:2      | Reached XP level 6. HP: 44/44 MP: 6/6
  2250 | D:4      | Noticed Eustachio
  2256 | D:4      | Reached skill level 1 in Throwing
  2702 | D:4      | Killed Eustachio
  2703 | D:4      | Reached XP level 7. HP: 40/52 MP: 7/7
  2724 | D:4      | Noticed Natasha
  2732 | D:4      | Killed Natasha
  2822 | D:4      | Noticed Natasha
  2826 | D:4      | Killed Natasha
  2922 | D:4      | Found a white marble altar of Elyvilon.
  2994 | D:4      | Noticed Natasha
  2999 | D:4      | Killed Natasha
  3187 | D:5      | Entered Level 5 of the Dungeon
  3392 | D:5      | Noticed Prince Ribbit
  3398 | D:5      | Reached XP level 8. HP: 48/60 MP: 5/8
  3407 | D:5      | Killed Prince Ribbit
  3490 | D:5      | Found a snail-covered altar of Cheibriados.
  3490 | D:5      | Found a shimmering blue altar of Sif Muna.
  3624 | D:5      | Reached skill level 5 in Maces & Flails
  3801 | D:5      | Reached skill level 5 in Fighting
  3845 | D:5      | Noticed Edmund
  3859 | D:5      | Killed Edmund
  4123 | D:5      | Noticed Pikel
  4128 | D:5      | Killed Pikel
  4129 | D:5      | Reached skill level 5 in Throwing
  4129 | D:5      | Reached XP level 9. HP: 62/69 MP: 7/9
  4385 | D:6      | Found a runed translucent gate.
  4387 | D:6      | Found a runed translucent gate.
  4388 | D:6      | Found a runed translucent gate.
  4388 | D:6      | Noticed Loveship's ghost (novice DsTm)
  5031 | D:6      | Reached XP level 10. HP: 31/79 MP: 4/10
  5388 | D:6      | Found a blossoming altar of Fedhas.
  5748 | D:7      | Found a staircase to the Ecumenical Temple.
  5795 | Temple   | Entered the Ecumenical Temple
  6032 | D:7      | Noticed Joseph
  6048 | D:7      | Killed Joseph
  6694 | D:7      | Found a shimmering altar of Xom.
  7107 | D:7      | Became a worshipper of Xom of Chaos
  7108 | D:7      | Upgraded the game from 0.30-a0-1074-g5db6f66fbb to
                  | 0.30-a0-1075-gcd70e7a56d
  7167 | D:8      | XOM: stealth player
  7242 | D:8      | Found a stormy altar of Qazlal.
  7274 | D:8      | Found a one-way gate to the infinite horrors of the Abyss.
  7274 | D:8      | Noticed Denapoli's ghost (novice FoFi)
  7308 | D:8      | Found a transporter.
  7317 | D:8      | Found a transporter.
  7341 | D:8      | Noticed a two-headed ogre
  7350 | D:8      | Killed a two-headed ogre
  7351 | D:8      | Reached skill level 1 in Transmutations
  7351 | D:8      | Reached skill level 1 in Earth Magic
  7635 | D:8      | Reached XP level 11. HP: 61/87 MP: 11/11
  7713 | D:9      | Found Yneip's Jewellery Shoppe.
  7716 | D:9      | Noticed a two-headed ogre
  7727 | D:9      | Killed a two-headed ogre
  8393 | D:10     | Entered Level 10 of the Dungeon
  8562 | D:11     | XOM: cleaving
  8715 | D:10     | XOM: draining
  8742 | D:10     | Found a staircase to the Lair.
  8757 | D:10     | Reached skill level 1 in Poison Magic
  8758 | D:10     | XOM: confusion (+ monsters)
  9248 | D:11     | Noticed Sonja
  9254 | D:11     | Killed Sonja
  9401 | D:11     | Noticed a seven-headed hydra
  9402 | D:11     | XOM: 2-stop teleportation journey
  9405 | D:11     | You fall into a shaft and drop 2 floors!
  9422 | D:13     | XOM: divination: detect items
  9480 | D:12     | Noticed a white ugly thing
  9486 | D:12     | Noticed a red ugly thing
  9502 | D:12     | XOM: confuse monster(s)
  9513 | D:12     | XOM: potion effect (might)
  9515 | D:12     | Reached skill level 10 in Maces & Flails
  9522 | D:12     | Reached skill level 10 in Fighting
  9523 | D:12     | Reached XP level 12. HP: 65/97 MP: 7/12
  9555 | D:12     | Noticed a two-headed ogre
  9624 | D:11     | Reached skill level 5 in Transmutations
  9692 | D:11     | XOM: noise
  9807 | D:11     | Noticed Amaemon
  9822 | D:11     | XOM: enchant monster (good)
  9833 | D:11     | Killed a seven-headed hydra
  9917 | D:11     | Killed Amaemon
 10066 | D:11     | Reached skill level 5 in Poison Magic
 10118 | D:11     | XOM: silly message
 10203 | D:11     | Learned a level 5 spell: Alistair's Intoxication
 10357 | Lair:1   | Entered Level 1 of the Lair of Beasts
 10447 | Lair:1   | XOM: confuse monster(s)
 10460 | Lair:1   | XOM: smoke on damage
 10627 | Lair:1   | Noticed a death yak
 10627 | Lair:1   | Noticed a death yak
 10627 | Lair:1   | Noticed a death yak
 10627 | Lair:1   | Noticed a death yak
 10627 | Lair:1   | Noticed a death yak
 10631 | Lair:1   | XOM: summons 2 friendly demons
 10639 | Lair:1   | XOM: cast spell 'Leda's Liquefaction'
 10640 | Lair:1   | Killed a death yak
 10647 | Lair:1   | Killed a death yak
 10653 | Lair:1   | Killed a death yak
 10654 | Lair:1   | Reached XP level 13. HP: 73/106 MP: 7/13
 10656 | Lair:1   | XOM: summons friendly quasit
 10660 | Lair:1   | XOM: cast spell 'Summon Ice Beast'
 10675 | Lair:1   | XOM: 10-stop teleportation journey
 10708 | Lair:1   | XOM: noise
 10817 | Lair:1   | XOM: cloud trail
 11065 | Lair:1   | XOM: summons friendly white imp
 11077 | Lair:1   | XOM: fake destruction
 11225 | Lair:1   | XOM: silly message
 11299 | Lair:1   | XOM: enchant monster (bad)
 11303 | Lair:1   | XOM: cleaving
 11307 | Lair:1   | XOM: polymorph blink frog -> wyvern
 11440 | Lair:2   | XOM: summons friendly iron imp
 11451 | Lair:1   | XOM: cast spell 'Olgreb's Toxic Radiance'
 11464 | Lair:1   | XOM: enchant monster (bad)
 11601 | Lair:2   | XOM: summons 5 friendly demons
 11735 | Lair:2   | XOM: cleaving
 11736 | Lair:2   | XOM: cleaving
 11774 | Lair:2   | Found a hole to the Spider Nest.
 11815 | Lair:2   | XOM: polymorph cane toad -> jumping spider
 11816 | Lair:2   | XOM: 2-stop teleportation journey
 11979 | Lair:2   | XOM: summons friendly iron imp
 12234 | Lair:3   | Identified the +7 falchion "Vusmouck" {venom, rElec rF+
                  | Will+}
 12283 | Lair:3   | XOM: potion effect (brilliance)
 12285 | Lair:3   | a torpor snail changed into an entropy weaver
 12285 | Lair:3   | Noticed an entropy weaver
 12285 | Lair:3   | XOM: polymorph torpor snail -> entropy weaver
 12286 | Lair:3   | XOM: cleaving
 12305 | Lair:3   | Killed an entropy weaver
 12456 | Lair:3   | XOM: divination: detect creatures
 12826 | Lair:3   | Found a staircase to the Shoals.
 12900 | Lair:3   | Reached XP level 14. HP: 115/115 MP: 14/14
 12905 | Lair:3   | XOM: divination: detect creatures
 13254 | Lair:4   | XOM: confusion (+ monsters)
 13257 | Lair:4   | XOM: confuse monster(s)
 13264 | Lair:4   | XOM: summons friendly iron imp
 13354 | Lair:3   | XOM: fog
 13359 | Lair:3   | XOM: cast spell 'Discord'
 13538 | Lair:4   | XOM: confusion (+ monsters)
 13572 | Lair:4   | Found a runed translucent door.
 13575 | Lair:4   | XOM: cloud trail
 13577 | Lair:4   | Noticed an acid blob
 13578 | Lair:4   | Found a viscous altar of Jiyva.
 13693 | Lair:4   | XOM: destruction
 13694 | Lair:4   | Reached skill level 1 in Hexes
 13698 | Lair:4   | XOM: confuse monster(s)
 13700 | Lair:4   | Reached skill level 1 in Spellcasting
 13703 | Lair:4   | XOM: divination: detect creatures
 13707 | Lair:4   | XOM: divine lightning
 13720 | Lair:4   | XOM: summons 13 friendly demons
 13779 | Lair:4   | XOM: polymorph blink frog -> steam dragon
 13920 | Lair:4   | XOM: give mutations
 13920 | Lair:4   | Gained mutation: Your muscles are strong. (Str +4, Int/Dex
                  | -1) [Xom's grace]
 13920 | Lair:4   | Gained mutation: You are partially covered in large bone
                  | plates. (SH +4) [Xom's grace]
 13920 | Lair:4   | Gained mutation: You have very sharp teeth. [Xom's grace]
 13920 | Lair:4   | Gained mutation: You are agile. (Dex +4, Str/Int -1) [Xom's
                  | grace]
 14005 | Lair:4   | XOM: give mutation
 14005 | Lair:4   | Gained mutation: You are partially covered in iridescent
                  | scales. (AC +2) [Xom's grace]
 14028 | Lair:5   | Entered Level 5 of the Lair of Beasts
 14030 | Lair:5   | XOM: scenery: summon butterflies
 14063 | Lair:5   | XOM: enchant monster (good)
 14069 | Lair:5   | XOM: destruction
 14077 | Lair:5   | XOM: destruction
 14087 | Lair:5   | XOM: scenery: summon butterflies
 14182 | Lair:5   | XOM: polymorph komodo dragon -> mana viper
 14186 | Lair:5   | XOM: divination: detect creatures
 14203 | Lair:5   | XOM: enchant monster (good)
 14205 | Lair:5   | XOM: enchant monster (good)
 14233 | Lair:5   | XOM: cast spell 'Metabolic Englaciation'
 14308 | Lair:5   | XOM: destruction
 14310 | Lair:5   | XOM: divination: detect items
 14328 | Lair:5   | XOM: noise
 14330 | Lair:5   | XOM: confusion (+ monsters)
 14483 | Lair:5   | XOM: noise
 14490 | Lair:5   | XOM: swap monsters
 14562 | Lair:5   | Identified the +8 war axe "Nyrcheez" {flame, Will+}
 14562 | Lair:5   | XOM: 2-stop teleportation journey
 14600 | Lair:4   | XOM: summons 3 hostile demons
 14699 | Lair:5   | XOM: enchant monster (good)
 14865 | Lair:5   | XOM: confusion
 14884 | Lair:5   | XOM: chaos cloud
 14968 | Lair:5   | XOM: polymorph komodo dragon -> elephant
 14969 | Lair:5   | Reached skill level 1 in Axes
 15132 | Lair:5   | XOM: confusion
 15133 | Lair:5   | XOM: silly message
 15216 | Lair:5   | XOM: scenery: summon butterflies
 15234 | Lair:5   | XOM: enchant monster (good)
 15247 | Lair:5   | XOM: 2-stop teleportation journey
 15309 | Lair:5   | XOM: divination: magic mapping
 15322 | Lair:5   | Reached XP level 15. HP: 122/122 MP: 20/20
 15357 | Lair:5   | Found a corrupted altar of Lugonu.
 15367 | Lair:5   | Identified the +1 great mace of Resourcefulness {heavy, rF+
                  | SInv Stlth-}
 15436 | Lair:5   | XOM: 5-stop teleportation journey
 15619 | Lair:5   | XOM: noise
 15673 | Lair:5   | XOM: scenery: summon butterflies
 15938 | D:12     | XOM: enchant monster (bad)
 15941 | D:11     | XOM: fog
 15953 | D:11     | Reached skill level 5 in Axes
 16020 | D:12     | Found a staircase to the Orcish Mines.
 16020 | D:12     | XOM: 2-stop teleportation journey
 16148 | D:12     | XOM: noise
 16166 | D:12     | XOM: enchant monster (bad)
 16298 | D:12     | Found a runed translucent gate.
 16298 | D:12     | Found a runed translucent gate.
 16298 | D:12     | Found a runed translucent gate.
 16307 | D:12     | XOM: summons 8 friendly demons
 16320 | D:12     | Noticed SirDiesAlot's ghost (journeyman DsBr)
 16322 | D:12     | Noticed cheesebisquit's ghost (journeyman GrVM)
 16431 | D:12     | XOM: swap monsters
 16449 | D:11     | XOM: cloud trail
 16489 | D:12     | Learned a level 4 spell: Olgreb's Toxic Radiance
 16568 | Orc:1    | Entered Level 1 of the Orcish Mines
 16568 | Orc:1    | Found a shimmering altar of Xom.
 16654 | Orc:1    | XOM: give mutations
 16654 | Orc:1    | Lost mutation: You are partially covered in iridescent
                  | scales. (AC +2) [Xom's mischief]
 16654 | Orc:1    | Gained mutation: You are occasionally teleported next to
                  | monsters. [Xom's mischief]
 16655 | Orc:1    | Lost mutation: You have very sharp teeth. [potion of
                  | mutation]
 16655 | Orc:1    | Lost mutation: Your muscles are strong. (Str +4, Int/Dex
                  | -1) [potion of mutation]
 16655 | Orc:1    | Lost mutation: You are agile. (Dex +4, Str/Int -1) [potion
                  | of mutation]
 16655 | Orc:1    | Gained mutation: Your magical capacity is low. (-10% MP)
                  | [potion of mutation]
 16655 | Orc:1    | Gained mutation: You possess an exceptional clarity of
                  | mind. [potion of mutation]
 16655 | Orc:1    | Gained mutation: You are strong-willed. (Will+) [potion of
                  | mutation]
 16655 | Orc:1    | Gained mutation: You are somewhat resistant to further
                  | mutation. [potion of mutation]
 16707 | Orc:1    | XOM: polymorph orc knight -> dream sheep
 16721 | D:12     | XOM: noise
 16742 | D:12     | XOM: enchant monster (bad)
 16911 | Orc:1    | XOM: fake destruction
 16911 | Orc:1    | XOM: smoke on damage
 16913 | Orc:1    | Found Wear's Antique Armour Shop.
 16948 | Orc:1    | XOM: torment (60/122 hp)
 17039 | Orc:1    | Bought a pair of encrusted boots for 266 gold pieces
 17039 | Orc:1    | Identified the +0 pair of boots of Mooxaxin {rF+ rN+ Will+}
                  | (You bought it in a shop on level 1 of the Orcish Mines)
 17049 | Orc:1    | Bought a pair of embroidered gloves for 210 gold pieces
 17137 | Orc:1    | Found Ibriplerr's Book Emporium.
 17243 | Orc:2    | XOM: stealth player
 17243 | Orc:2    | Entered Level 2 of the Orcish Mines
 17247 | Orc:1    | Noticed Jorgrun
 17252 | Orc:2    | XOM: repel stairs
 17261 | Orc:2    | XOM: enchant monster (bad)
 17406 | Orc:2    | XOM: silly message
 17407 | Orc:2    | XOM: repel stairs
 17413 | Orc:2    | XOM: enchant monster (good)
 17425 | Orc:2    | Killed Jorgrun
 17613 | Orc:1    | XOM: silly message
 17761 | Orc:2    | XOM: enchant monster (bad)
 17804 | Orc:2    | XOM: 1-stop teleportation journey
 17945 | Orc:2    | Found a staircase to the Elven Halls.
 17963 | Orc:2    | XOM: polymorph orc warrior -> steam dragon
 18248 | Orc:2    | XOM: enchant monster (good)
 18261 | Orc:2    | XOM: polymorph orc knight -> merfolk
 18394 | Orc:2    | Found Weumafen's Magic Scroll Shop.
 18396 | Orc:2    | Found Puukigolur's General Store.
 18406 | Orc:2    | XOM: swap monsters
 18409 | Orc:2    | XOM: summons 1 hostile demon
 18634 | Orc:2    | XOM: cloud trail
 18694 | Orc:2    | Reached skill level 10 in Transmutations
 18714 | Orc:2    | Bought a scroll of blinking for 112 gold pieces
 18714 | Orc:2    | Bought a scroll of teleportation for 45 gold pieces
 18714 | Orc:2    | Bought a scroll of teleportation for 45 gold pieces
 18716 | Orc:2    | Bought a piece from Xom's chessboard (15/15) for 280 gold
                  | pieces
 19003 | Orc:2    | XOM: cast spell 'Monstrous Menagerie'
 19019 | Orc:2    | XOM: polymorph demonspawn -> slime creature
 19152 | Orc:2    | XOM: stat loss: -1 Int (13/14)
 19357 | Orc:2    | XOM: polymorph soul eater -> soul eater
 19363 | Orc:2    | Found Jaydeini's Antique Weapon Shoppe.
 19363 | Orc:2    | Found Ceykelipli's Jewellery Emporium.
 19364 | Orc:2    | Found a one-way gate leading to the halls of Pandemonium.
 19446 | Orc:2    | XOM: summons 3 hostile shadow creatures
 19569 | D:12     | Found Pagoxyr's Assorted Antiques.
 19630 | D:12     | XOM: cast spell 'Summon Small Mammal'
 19633 | D:12     | Reached skill level 5 in Armour
 19633 | D:12     | Reached XP level 16. HP: 128/128 MP: 17/19
 19697 | D:12     | XOM: swap monsters
 19698 | D:12     | XOM: stat loss: -1 Str (17/18)
 20003 | D:13     | XOM: silly message
 20156 | D:13     | XOM: cloud trail
 20318 | D:13     | XOM: cast spell 'Statue Form'
 20336 | D:13     | Reached skill level 5 in Dodging
 20527 | D:13     | Reached skill level 10 in Poison Magic
 20530 | D:13     | XOM: silly message
 20532 | D:13     | XOM: give mutations
 20532 | D:13     | Gained mutation: You occasionally shout uncontrollably at
                  | your foes. [Xom's mischief]
 20532 | D:13     | Gained mutation: Your body sometimes deteriorates upon
                  | taking damage. [Xom's mischief]
 20532 | D:13     | Gained mutation: You expend magic power (3 MP) to
                  | strengthen your wands. [Xom's mischief]
 20663 | D:13     | Found a gate to the Vaults.
 20673 | D:13     | XOM: cloud trail
 20791 | D:13     | XOM: cloud trail
 20847 | D:14     | XOM: divination: detect items
 20908 | D:13     | Lost mutation: You expend magic power (3 MP) to strengthen
                  | your wands. [potion of mutation]
 20908 | D:13     | Lost mutation: You occasionally shout uncontrollably at
                  | your foes. [potion of mutation]
 20908 | D:13     | Lost mutation: You are occasionally teleported next to
                  | monsters. [potion of mutation]
 20937 | D:13     | XOM: silly message
 20968 | D:13     | Lost mutation: Your magical capacity is low. (-10% MP)
                  | [potion of mutation]
 20968 | D:13     | Lost mutation: You possess an exceptional clarity of mind.
                  | [potion of mutation]
 21045 | D:13     | XOM: potion effect (brilliance)
 21068 | D:14     | XOM: silly message
 21151 | D:14     | XOM: divination: detect creatures
 21272 | D:14     | Found a portal to a secret trove of treasure.
 21327 | D:14     | XOM: potion effect (invisibility)
 21460 | D:14     | XOM: potion effect (invisibility)
 21498 | D:14     | XOM: scenery: summon butterflies
 21825 | D:14     | XOM: 5-stop teleportation journey
 21851 | D:14     | XOM: scenery: create altars
 21856 | D:14     | XOM: divination: magic mapping
 21953 | D:14     | XOM: summons friendly white imp
 21978 | D:14     | Reached skill level 10 in Evocations
 22028 | D:14     | XOM: summons 5 friendly demons
 22073 | D:14     | XOM: give mutations
 22073 | D:14     | Lost mutation: You are somewhat resistant to further
                  | mutation. [Xom's grace]
 22073 | D:14     | Gained mutation: You have hidden genetic potential. [Xom's
                  | grace]
 22073 | D:14     | Gained mutation: You expend magic power (3 MP) to
                  | strengthen your wands. [Xom's grace]
 22073 | D:14     | Gained mutation: You have supernaturally acute eyesight.
                  | (SInv) [Xom's grace]
 22073 | D:14     | Gained mutation: Your skin changes colour to match your
                  | surroundings (Stealth+). [Xom's grace]
 22175 | D:15     | Entered Level 15 of the Dungeon
 22298 | D:15     | Found a staircase to the Depths.
 22348 | D:15     | XOM: scenery: create altars
 22404 | D:15     | XOM: god gift: leather armour {god gift}
 22408 | D:15     | XOM: summons friendly quasit
 22621 | D:15     | XOM: enchant monster (good)
 22917 | D:15     | XOM: 1-stop teleportation journey
 22974 | D:15     | Noticed Nessos
 22984 | D:15     | Killed Nessos
 23045 | D:15     | Reached XP level 17. HP: 104/137 MP: 17/23
 23164 | D:15     | XOM: silly message
 23198 | D:15     | XOM: silly message
 23416 | Spider:1 | Entered Level 1 of the Spider Nest
 23466 | Shoals:1 | Entered Level 1 of the Shoals
 23479 | Lair:3   | XOM: cast spell 'Leda's Liquefaction'
 23535 | Lair:3   | XOM: silly message
 23789 | Shoals:1 | XOM: smoke on damage
 23791 | Lair:3   | XOM: confuse monster(s)
 23847 | Shoals:1 | Reached skill level 5 in Spellcasting
 23857 | Shoals:1 | XOM: divination: detect items
 23871 | Shoals:1 | XOM: cast spell 'Summon Dragon'
 24026 | Shoals:1 | Found a runed translucent gate.
 24026 | Shoals:1 | Found a runed translucent gate.
 24026 | Shoals:1 | Found a runed translucent gate.
 24026 | Shoals:1 | Noticed Cahom's ghost (adept MiBe)
 24027 | Shoals:1 | Noticed Mil Mal Serr's ghost (adept MiFi)
 24101 | Shoals:1 | XOM: cloud trail
 24113 | Shoals:1 | XOM: cast spell 'Summon Horrible Things'
 24126 | Shoals:1 | Noticed Mlioglotl
 24137 | Shoals:1 | Killed Mlioglotl
 24238 | Shoals:1 | XOM: polymorph merfolk -> two-headed ogre
 24447 | Shoals:1 | Noticed Louise
 24476 | Shoals:1 | XOM: god gift: 26 gold pieces
 24478 | Shoals:1 | Killed Louise
 24479 | Shoals:1 | Reached skill level 1 in Summonings
 24648 | Shoals:1 | XOM: confusion
 24652 | Shoals:1 | XOM: confuse monster(s)
 24785 | Shoals:2 | Found a runed translucent gate.
 24785 | Shoals:2 | Found a runed translucent gate.
 24818 | Shoals:2 | Found a runed translucent gate.
 24820 | Shoals:2 | Noticed ShnitzelX3's ghost (journeyman FeNe)
 24976 | Shoals:1 | XOM: give mutations
 24976 | Shoals:1 | Gained mutation: You have large cloven feet. [Xom's grace]
 24976 | Shoals:1 | Gained mutation: You are highly strong-willed. (Will++)
                  | [Xom's grace]
 24976 | Shoals:1 | Lost mutation: You have large cloven feet. [Xom's grace]
 24976 | Shoals:1 | Gained mutation: You have sharp toenails. [Xom's grace]
 24976 | Shoals:1 | Gained mutation: You are partially covered in iridescent
                  | scales. (AC +2) [Xom's grace]
 25068 | Shoals:2 | XOM: give mutations
 25068 | Shoals:2 | Gained mutation: You have great hidden genetic potential.
                  | [Xom's grace]
 25068 | Shoals:2 | Gained mutation: Your flesh is cold resistant. (rC+) [Xom's
                  | grace]
 25068 | Shoals:2 | Gained mutation: Your flesh is heat resistant. (rF+) [Xom's
                  | grace]
 25068 | Shoals:2 | Gained mutation: Your system is resistant to poisons.
                  | (rPois) [Xom's grace]
 25169 | Shoals:2 | XOM: scenery: create altars
 25331 | Shoals:2 | XOM: 6-stop teleportation journey
 25345 | Shoals:2 | Reached skill level 5 in Earth Magic
 25348 | Shoals:2 | Gained mutation: You have a pair of small horns on your
                  | head. [hidden potential]
 25421 | Shoals:2 | XOM: summons 3 friendly demons
 25453 | Shoals:2 | XOM: cloud trail
 25459 | Shoals:2 | XOM: summons 8 friendly demons
 25603 | Shoals:2 | Identified the +1 robe "Loradie" {rElec Int-2 Dex+4}
 25763 | Shoals:2 | XOM: polymorph faun -> eye of devastation
 25764 | Shoals:2 | XOM: give mutations
 25764 | Shoals:2 | Gained mutation: You are agile. (Dex +4, Str/Int -1) [Xom's
                  | grace]
 25764 | Shoals:2 | Lost mutation: You have great hidden genetic potential.
                  | [Xom's grace]
 25764 | Shoals:2 | Lost mutation: You have hidden genetic potential. [Xom's
                  | grace]
 25764 | Shoals:2 | Gained mutation: You are somewhat resistant to further
                  | mutation. [Xom's grace]
 25764 | Shoals:2 | Gained mutation: You are mostly covered in iridescent
                  | scales. (AC +4) [Xom's grace]
 25764 | Shoals:2 | Gained mutation: Your flesh is very cold resistant. (rC++)
                  | [Xom's grace]
 25854 | Shoals:2 | XOM: divination: magic mapping
 26058 | Shoals:2 | XOM: scenery: summon butterflies
 26126 | Shoals:2 | Learned a level 4 spell: Leda's Liquefaction
 26147 | Shoals:2 | Reached skill level 5 in Summonings
 26164 | Shoals:2 | XOM: scenery: create altars
 26299 | Shoals:3 | XOM: polymorph centaur warrior -> cyclops
 26393 | Shoals:3 | XOM: cleaving
 26397 | Shoals:3 | XOM: enchant monster (good)
 26431 | Shoals:3 | XOM: enchant monster (good)
 26451 | Shoals:3 | XOM: 1-stop teleportation journey
 26575 | Shoals:3 | XOM: divination: detect items
 26636 | Shoals:3 | XOM: cast spell 'Statue Form'
 26715 | Shoals:3 | XOM: smoke on damage
 27074 | Shoals:3 | XOM: smoke on damage
 27175 | Shoals:3 | Reached XP level 18. HP: 111/145 MP: 7/25
 27311 | Shoals:3 | XOM: noise
 27439 | Shoals:3 | XOM: divination: detect creatures
 27662 | Shoals:4 | Entered Level 4 of the Shoals
 27741 | Shoals:4 | XOM: silly message
 27766 | Shoals:4 | XOM: silly message
 27781 | Shoals:4 | XOM: divination: detect items
 27911 | Shoals:4 | XOM: smoke on damage
 28042 | Shoals:3 | XOM: silly message
 28202 | Shoals:4 | Paralysed by an air elemental for 1 turns
 28208 | Shoals:4 | Paralysed by an air elemental for 1 turns
 28391 | Shoals:4 | XOM: summons 8 friendly demons
 28711 | Shoals:4 | XOM: scenery: summon butterflies
 28824 | Shoals:4 | XOM: 1-stop teleportation journey
 28861 | Shoals:4 | XOM: smoke on damage
 28968 | Shoals:4 | XOM: cast spell 'Summon Small Mammal'
 28973 | Shoals:4 | HP: 6/145 [merfolk javelineer/silver javelin (9)]
 29105 | Shoals:3 | XOM: scenery: summon butterflies
 29343 | Shoals:4 | Paralysed by an air elemental for 1 turns
 29351 | Shoals:4 | Paralysed by an air elemental for 1 turns
 29525 | Shoals:4 | XOM: scenery: summon butterflies
 29528 | Shoals:4 | XOM: give mutations
 29528 | Shoals:4 | Gained mutation: You have razor-sharp toenails. [Xom's
                  | grace]
 29528 | Shoals:4 | Gained mutation: You have sharp fingernails. [Xom's grace]
 29580 | Shoals:4 | XOM: destruction
 29588 | Shoals:4 | XOM: potion effect (haste)
 29593 | Shoals:4 | Paralysed by an air elemental for 1 turns
 29595 | Shoals:4 | XOM: fog
 29599 | Shoals:4 | Paralysed by an air elemental for 1 turns
 29609 | Shoals:3 | Paralysed by an air elemental for 1 turns
 29899 | Shoals:4 | XOM: divine lightning
 30061 | Shoals:4 | XOM: cloud trail
 30085 | Shoals:4 | XOM: give mutations
 30085 | Shoals:4 | Lost mutation: You have razor-sharp toenails. [Xom's grace]
 30085 | Shoals:4 | Lost mutation: You have sharp toenails. [Xom's grace]
 30085 | Shoals:4 | Gained mutation: You have large cloven feet. [Xom's grace]
 30085 | Shoals:4 | Gained mutation: You are very agile. (Dex +8, Str/Int -2)
                  | [Xom's grace]
 30085 | Shoals:4 | Gained mutation: Your mind is acute. (Int +4, Str/Dex -1)
                  | [Xom's grace]
 30115 | Shoals:4 | Identified the +2 ring mail of Action {Harm rC+}
 30186 | Shoals:4 | Identified the amulet "Jemecokk" {Acrobat rF+ Int+2} (Xom
                  | gifted it to you on level 4 of the Shoals)
 30186 | Shoals:4 | XOM: god gift: amulet "Jemecokk" {Acrobat rF+ Int+2}
 30265 | Shoals:4 | XOM: god gift: 43 gold pieces
 30298 | Shoals:4 | XOM: polymorph merfolk -> shapeshifter
 30331 | Shoals:4 | XOM: polymorph manticore -> redback
 30375 | Shoals:4 | XOM: 5-stop teleportation journey
 30456 | Shoals:4 | Got a barnacled rune of Zot
 30582 | Shoals:3 | XOM: god gift: staff of fire
 30793 | Elf:1    | Entered Level 1 of the Elven Halls
 30801 | Elf:1    | XOM: polymorph orc high priest -> skyshark
 30815 | Elf:1    | XOM: 3-stop teleportation journey
 30961 | Elf:1    | Found Kaits's Jewellery Shoppe.
 30962 | Elf:1    | Found Kol Alur's Book Shop.
 30963 | Elf:1    | Found Mutisos's Jewellery Shoppe.
 31080 | Elf:1    | XOM: divination: magic mapping
 31090 | Elf:1    | Found Ichonis's Weapon Boutique.
 31092 | Elf:1    | XOM: scenery: 1 doors open, 1 doors close
 31142 | Elf:1    | Learned a level 4 spell: Animate Armour
 31178 | Elf:1    | XOM: destruction
 31181 | Elf:1    | XOM: enchant monster (good)
 31189 | Elf:1    | Reached skill level 5 in Hexes
 31290 | Elf:1    | Found a radiant altar of Vehumet.
 31366 | Elf:1    | Found the +8 demon blade "Leech" {evervamp, Harm Drain rN+}
 31378 | Elf:1    | Noticed Kirke
 31389 | Elf:1    | Reached skill level 1 in Long Blades
 31397 | Elf:1    | Killed Kirke
 31479 | Elf:1    | Noticed Donald
 31488 | Elf:1    | Killed Donald
 31595 | Elf:1    | XOM: 1-stop teleportation journey
 31632 | Elf:1    | XOM: scenery: 3 doors close
 31661 | Elf:1    | XOM: cloud trail
 31722 | Elf:1    | XOM: scenery: summon butterflies
 31727 | Elf:1    | XOM: swap monsters
 31773 | Elf:1    | Noticed Azrael
 31923 | Elf:1    | Killed Azrael
 32059 | Elf:1    | Reached skill level 5 in Long Blades
 32062 | Elf:1    | Reached XP level 19. HP: 151/151 MP: 23/26
 32617 | Vaults:1 | Entered Level 1 of the Vaults
 32920 | Vaults:1 | XOM: summons 4 friendly demons
 33205 | Vaults:1 | XOM: give mutations
 33205 | Vaults:1 | Lost mutation: You have supernaturally acute eyesight.
                  | (SInv) [Xom's mischief]
 33205 | Vaults:1 | Lost mutation: You are highly strong-willed. (Will++)
                  | [Xom's mischief]
 33205 | Vaults:1 | Lost mutation: Your mind is acute. (Int +4, Str/Dex -1)
                  | [Xom's mischief]
 33228 | Vaults:1 | Reached skill level 1 in Shields
 33305 | Vaults:1 | XOM: summons 5 friendly demons
 33306 | Vaults:1 | XOM: butterfly on damage
 33439 | Vaults:1 | XOM: 3-stop teleportation journey
 33781 | Vaults:1 | XOM: confuse monster(s)
 33897 | Vaults:1 | XOM: swap monsters
 34016 | Vaults:1 | XOM: potion effect (invisibility)
 34040 | Vaults:1 | XOM: blink monster(s)
 34229 | Vaults:1 | Identified the +1 pair of boots of Juhacais {Rampage rC-
                  | rN+ Int+3}
 34295 | Vaults:1 | XOM: god gift: 4 atropa-tipped darts
 34530 | Vaults:1 | XOM: cast spell 'Summon Hydra'
 34548 | Vaults:1 | XOM: summons friendly quasit
 34681 | Vaults:1 | XOM: cast spell 'Chain of Chaos'
 34926 | Vaults:2 | Reached skill level 10 in Long Blades
 35092 | Vaults:2 | XOM: polymorph lindwurm -> yaktaur
 35248 | Vaults:2 | XOM: 1-stop teleportation journey
 35278 | Vaults:2 | XOM: 1-stop teleportation journey
 35319 | Vaults:2 | XOM: enchant monster (bad)
 35335 | Vaults:2 | XOM: 3-stop teleportation journey
 35501 | Vaults:2 | XOM: god gift: 8 stones
 35503 | Vaults:2 | XOM: scenery: 1 doors open, 2 doors close
 35518 | Vaults:2 | XOM: 2-stop teleportation journey
 35762 | Vaults:2 | XOM: polymorph deep troll -> glowing shapeshifter
 35846 | Vaults:2 | XOM: scenery: 2 doors close
 35984 | Vaults:2 | XOM: god gift: robe {god gift}
 36009 | Vaults:2 | XOM: summons 6 friendly demons
 36189 | Vaults:2 | XOM: cleaving
 36349 | Vaults:2 | XOM: confusion
 36426 | Vaults:2 | Found a staircase to the Crypt.
 36491 | Vaults:2 | Reached XP level 20. HP: 83/158 MP: 22/27
 36491 | Vaults:2 | XOM: scenery: 1 doors close
 36523 | Vaults:2 | XOM: scenery: 1 doors open
 36780 | Vaults:3 | Found Raffuops's Weapon Emporium.
 36795 | Vaults:3 | XOM: scenery: 1 doors open, 1 doors close
 36934 | Vaults:3 | XOM: destruction
 37225 | Vaults:3 | XOM: confusion (+ monsters)
 37236 | Vaults:3 | XOM: enchant monster (bad)
 37248 | Vaults:3 | XOM: god gift: potion of haste
 37425 | Vaults:3 | Noticed Aizul
 37438 | Vaults:3 | XOM: summons friendly white imp
 37450 | Vaults:3 | Killed Aizul
 37925 | Vaults:3 | XOM: enchant monster (bad)
 38023 | Vaults:3 | XOM: noise
 38182 | Vaults:3 | XOM: noise
 38219 | Vaults:3 | XOM: summons friendly iron imp
 38236 | Vaults:3 | XOM: confusion
 38238 | Vaults:3 | XOM: summons 5 hostile demons
 38244 | Vaults:3 | XOM: swap monsters
 38459 | Vaults:4 | XOM: confusion (+ monsters)
 38576 | Vaults:3 | XOM: cloud trail
 38851 | Lair:2   | Mangled by a pharaoh ant

Illustrated notes

Levels and vault maps discovered:
D:1:      mrwooster_arrival_statue, layout_loops_ring, basic_ecumenical_altar
D:2:      layout_rooms
D:3:      layout_basic, serial_park_tiny_1
D:4:      layout_loops_ring, mainiacjoe_overflow_alcove_4, uniq_eustachio,
          uniq_natasha
D:5:      layout_basic, gammafunk_temple_overflow_elements, grunt_ministairs_14,
          eino_small_chamber_without_monster, minmay_misc_feat_diagonals,
          kennysheep_generic_room_11, uniq_pikel, uniq_prince_ribbit1,
          uniq_edmund
D:6:      minmay_bubble_buster, layout_loops_ring, mainiacjoe_overflow_brackets,
          gammafunk_ghost_split, grunt_decor_clamped
D:7:      layout_loops_corners, overflow_temple_1_default,
          minmay_temple_entry_mist, uniq_joseph
D:8:      layout_cave_pods, mainiacjoe_overflow_alcove_2,
          gammafunk_ghost_abyssal_escape
D:9:      layout_basic, serial_shops, kennysheep_mini_moat
D:10:     layout_irregular_city, hellmonk_lair_entry_icy, kennysheep_crisscross
D:11:     layout_irregular_city, uniq_amaemon, uniq_sonja
D:12:     layout_long_grid, david_orc_5, serial_shops, shop,
          gammafunk_ghost_cemetery
D:13:     layout_stronghold, david_vaults_5, serial_glass, glass_columns_b,
          glass_columns_c, glass_columns_a, glass_columns_a
D:14:     layout_loops_corners, chequers_serial_rivers_room_b,
          nicolae_trove_entry_crystal
D:15:     grunt_enter_depths_magical_seal, layout_cave_pools, dk_noncrumbling_4,
          uniq_nessos
Temple:   nicolae_temple_bog_church
Lair:1:   wad_woods_minihive, layout_loops_ring, enter_volcano_3,
          dreamdust_wasp_nest
Lair:2:   layout_hall_layers, spider_nest_entry_web_field, beast_lair_carwin_9,
          lemuel_fruit_fields
Lair:3:   layout_long_grid, elwin_shoals_entry_rooms,
          chequers_serial_rivers_large_a
Lair:4:   layout_gridlike, slime_entry_2, serial_bayou_shore_b
Lair:5:   hellmonk_lair_end_abyssal_woods, layout_hall_layers
Shoals:1: layout_shoals, gammafunk_ghost_cemetery, uniq_louise, uniq_mlioglotl
Shoals:2: layout_shoals, gammafunk_ghost_tricky_traps
Shoals:3: layout_shoals
Shoals:4: shoals_end_hellmonk_storm_palace [storm_palace_center_ruins,
          storm_palace_corner_grid, storm_palace_corner_reverse_hut,
          storm_palace_corner_blocked, storm_palace_corner_grid]
Spider:1: layout_spider_delve, nicolae_spider_eight_legs
Orc:1:    layout_caves, serial_shops, nicolae_lakefront_shop,
          nicolae_shop_bloodbath_and_beyond, nicolae_square_shop, basic_altar,
          guppyfry_orc_lava_fort, uniq_jorgrun
Orc:2:    pf_orc_diabolical, layout_caves, mines2_lemuel
Elf:1:    nicolae_elf_arrival_no_cutting_in_line, layout_geoelf_diagonals,
          serial_shops, nicolae_diamond_shop, basic_altar, minivault_28,
          dreamdust_deal_with_the_devil, minmay_shop_grove, uniq_kirke,
          uniq_azrael, uniq_donald
Vaults:1: nicolae_vaults_mini_display_case, ontoclasm_vaults_twist, kb_rosetta,
          v_misc_10, nicolae_vaults_network_barrier,
          nicolae_vaults_little_squares_4, v_misc_27, vaults_room_door_ring,
          ontoclasm_vaults_idyll, vaults_dpeg_hooks, layout_vaults_omnigrid
Vaults:2: minmay_crypt_entry_vampire_xt, nicolae_vaults_stairing_the_circle,
          ontoclasm_vaults_tryst, nicolae_vaults_little_squares_2,
          vaults_dpeg_doors, ontoclasm_vaults_idyll, grunt_vaults_diagonal,
          vaults_mumra_chevron, vaults_room_door_ring, vaults_mumra_hexcomb,
          v_misc_5, v_pattern_3, layout_vaults_ring
Vaults:3: vaults_room_grid, v_misc_17, ontoclasm_vaults_claustrophobia,
          v_rooms_4, vaults_mumra_minichess_inversion, nicolae_vaults_triangles,
          hangedman_vaults_maws, nicolae_vaults_three_branches,
          nicolae_vaults_network_star, nicolae_vaults_little_squares_1,
          ontoclasm_vaults_pinch, layout_vaults_omnibox, serial_shops, shop,
          uniq_aizul
Vaults:4: vaults_dpeg_encased_lava, v_misc_25,
          dpeg_vaults_pockets_of_resistance, hangedman_vaults_trim,
          grunt_vaults_funnel, ontoclasm_vaults_ligature,
          nicolae_vaults_shelves_hall, serial_ice_h, layout_vaults_big_room

Skill      XL: |  1  2  3  4  5  6  7  8  9 10 11 12 13 14 15 16 17 18 19 20 |
---------------+-------------------------------------------------------------+-----
Evocations     | 4 5 7 9 10 | 10.6
Maces & Flails | 1 2 3 4 6 7 8 10 11 12 | 12.0
Fighting       | 2 3 4 6 7 8 10 11 12 13 14 | 14.3
Throwing       | 2 3 5 6 8 9 |  9.6
Transmutations | 1 4 6 8 10 | 10.0
Earth Magic    | 1 3 7 9 |  9.1
Poison Magic   | 3 5 8 9 10 | 10.0
Hexes          | 3 5 |  5.0
Spellcasting   | 3 4 5 |  5.0
Dodging        | 4 7 8 |  8.1
Armour         | 4 5 7 8 |  8.9
Axes           | 3 7 |  7.4
Summonings     | 6 8 |  8.0
Long Blades    | 5 12 14 | 14.0
Shields        | 1 3 |  3.8
Stealth        | |  1.0

Action                     |  1- 3 |  4- 6 |  7- 9 | 10-12 | 13-15 | 16-18 | 19-21 || total
---------------------------+-------+-------+-------+-------+-------+-------+-------++-------
  Melee: Unarmed           |    44 |       |       |     1 |       |       |       ||    45
         Dagger            |    55 |       |       |       |       |       |       ||    55
         Short sword       |    11 |       |       |       |       |       |       ||    11
         Shillelagh        |     6 |    61 |   118 |   361 |    55 |    78 |    11 ||   690
         Punch             |       |       |     1 |     8 |    15 |    23 |     1 ||    48
         Demon whip        |       |       |       |    20 |  1126 |  1491 |   838 ||  3475
         Bite              |       |       |       |       |    68 |       |       ||    68
         War axe           |       |       |       |       |   159 |    44 |       ||   203
         Headbutt          |       |       |       |       |       |   239 |   375 ||   614
         Kick              |       |       |       |       |       |     1 |       ||     1
         Demon blade       |       |       |       |       |       |       |   150 ||   150
  Throw: Dart              |       |     1 |     1 |     5 |    11 |     2 |     1 ||    21
         Javelin           |       |       |       |     3 |       |    13 |       ||    16
         Boomerang         |       |       |       |       |     1 |    50 |       ||    51
   Cast: Alistair's Intoxi |       |       |       |       |    18 |    30 |     7 ||    55
         Olgreb's Toxic Ra |       |       |       |       |    23 |   122 |    64 ||   209
         Leda's Liquefacti |       |       |       |       |       |    10 |    22 ||    32
         Animate Armour    |       |       |       |       |       |     1 |       ||     1
  Evoke: Wand              |     5 |     2 |       |    17 |    11 |    13 |     6 ||    54
         Tin of tremorston |       |       |       |       |     2 |     1 |       ||     3
         Piece from Xom's  |       |       |       |       |       |     4 |       ||     4
    Use: Scroll            |       |       |       |    26 |    13 |    13 |       ||    52
         Potion            |       |       |       |     5 |     8 |    10 |     4 ||    27
   Stab: Sleeping          |     1 |       |     1 |     1 |     1 |     6 |     7 ||    17
         Distracted        |       |       |     1 |       |     1 |     4 |     1 ||     7
         Paralysed         |       |       |       |     3 |       |    14 |     4 ||    21
         Invisible         |       |       |       |     3 |       |    23 |     5 ||    31
         Confused          |       |       |       |       |    11 |     6 |     4 ||    21
         Petrified         |       |       |       |       |    13 |     5 |       ||    18
         Petrifying        |       |       |       |       |       |     1 |       ||     1
 Armour: Leather armour    |    43 |       |    28 |    44 |       |       |       ||   115
         Ring mail         |       |    24 |     1 |       |       |       |       ||    25
         Skin              |       |       |       |     2 |       |    20 |       ||    22
         Troll leather arm |       |       |       |    32 |   411 |   475 |   243 ||  1161
  Dodge: Dodged            |    81 |    32 |    73 |   300 |   694 |   858 |   426 ||  2464
  Block: Other             |       |       |       |       |   109 |   231 |     6 ||   346
         Buckler           |       |       |       |       |       |       |   301 ||   301
         Kite shield       |       |       |       |       |       |       |    54 ||    54

Table legend: (Time is in decaauts)
 A = Elapsed time spent in this place.
 B = Non-inter-level travel time spent in this place.
 C = Inter-level travel time spent in this place.
 D = Time resting spent in this place.
 E = Time spent auto-exploring this place.
 F = Levels seen in this place.
 G = Mean time per level.
                   A        B        C        D        E       F      G
               +--------+--------+--------+--------+--------+-----+--------+
         Total |  37390 |  34964 |   2426 |   9438 |  14525 |  33 | 1133.0 |
       Dungeon |  14988 |  13830 |   1158 |   2656 |   7089 |  15 |  999.2 |
        Temple |    189 |    178 |     11 |      0 |    161 |   1 |  189.0 |
          Lair |   5645 |   5040 |    605 |    717 |   2307 |   5 | 1129.0 |
        Shoals |   6713 |   6556 |    157 |   3141 |   1273 |   4 | 1678.2 |
   Spider Nest |     12 |     12 |      0 |      0 |      0 |   1 |   12.0 |
  Orcish Mines |   2647 |   2444 |    203 |    861 |    781 |   2 | 1323.5 |
   Elven Halls |   1579 |   1485 |     94 |    519 |    477 |   1 | 1579.0 |
        Vaults |   5611 |   5417 |    194 |   1542 |   2435 |   4 | 1402.8 |
               +--------+--------+--------+--------+--------+-----+--------+

Top non-repeatable levels by time:
Shoals:4: 2282 daAuts
Vaults:1: 2215 daAuts
   Orc:2: 2009 daAuts
Shoals:3: 1799 daAuts
Vaults:2: 1730 daAuts
Vaults:3: 1583 daAuts
   Elf:1: 1579 daAuts
  Lair:5: 1574 daAuts
  Lair:3: 1459 daAuts
Shoals:2: 1456 daAuts
     D:7: 1353 daAuts
    D:13: 1330 daAuts
     D:6: 1321 daAuts
    D:14: 1308 daAuts
    D:11: 1219 daAuts
